AoeStats
← BlossomForce

Arena

508357688Analyzed
1v1 RM · 10d ago on Sep 22, 2026· 46m 43s· 2 players
Game mode
Random Map
Map size
Tiny (2 player)
Population
200
Speed
Normal
Resources
Standard
Victory
Conquest
Starting age
Dark Age
Ending age
Imperial Age
RankedLock teamsTeams togetherTeam positionsShared explorationLock speedFull tech treeHidden civsTurbo modeCheats
Victory
Defeat
🇨🇳 Teutons · China
906
+14
🇺🇸 Burgundians · United States
864
-14
BlossomForce
6:54 Double-Bit Axe
9:19 Loom
12:08 Feudal Age
12:00 Horse Collar
12:17 Gold Mining
17:37 Castle Age
16:11 Heavy Plow
19:17 Husbandry
20:57 Scale Barding Armor
24:23 Town Watch
25:14 Wheelbarrow
26:19 Atonement
27:24 Bow Saw
29:06 Fletching
29:24 Stone Mining
30:28 Fervor
30:39 Sanctity
32:21 Bodkin Arrow
34:13 Chain Barding Armor
36:46 Imperial Age
34:47 Redemption
37:22 Ballistics
37:51 Man-at-Arms
38:31 Squires
38:21 Arson
39:40 Illumination
39:37 Block Printing
39:05 Long Swordsman
39:48 Scale Mail Armor
39:49 Bracer
39:59 Forging
40:33 Two-Handed Swordsman
42:34 Burgundian Vineyards
45:26 Champion
47:32 Chemistry
Kazuha
11:03 Feudal Age
14:45 Castle Age
13:02 Horse Collar
13:29 Double-Bit Axe
16:02 Bow Saw
20:35 Pikeman
24:35 Wheelbarrow
26:31 Stone Mining
26:33 Gold Mining
27:44 Loom
28:14 Hand Cart
32:21 Imperial Age
30:40 Town Watch
32:03 Squires
32:37 Guard Tower
34:18 Stone Shaft Mining
34:01 Town Patrol
35:04 Two-Man Saw
34:15 Heavy Plow
33:38 Halberdier
34:04 Gambesons
35:26 Chemistry
34:32 Siege Engineers
34:51 Conscription
37:24 Forging
37:14 Scale Mail Armor
37:05 Fletching
39:02 Fortified Wall
38:38 Arrowslits
39:31 Iron Casting
39:11 Chain Mail Armor
39:30 Crenellations
39:33 Ironclad
39:50 Hoardings
40:16 Bodkin Arrow
42:58 Blast Furnace
42:28 Plate Mail Armor
41:58 Padded Archer Armor
42:36 Scale Barding Armor
42:23 Heavy Scorpion
43:15 Elite Teutonic Knight
47:18 Chain Barding Armor
47:14 Leather Archer Armor
Connection lost

Rejoining the realm…

Still unreachable

The connection could not be restored.

Session expired

The server has moved on; the page needs a fresh start.